 Dungeon Crawl Stone Soup version 0.29.1-debian-1-gc3f1650bb9 (webtiles) character file.

Game seed: 15878156813893819826

31 MisterAzrael the Magician (level 3, -7/27 HPs)
             Began as a Djinni Fire Elementalist on Sept 12, 2022.
             Mangled by Sigmund
             ... wielding a +0 scythe
              (16 damage)
             ... on level 2 of the Dungeon.
             The game lasted 00:02:09 (2173 turns).

MisterAzrael the Magician (DjFE)                    Turns: 2173, Time: 00:02:09

Health: -7/27      AC:  5    Str:  9    XL:     3   Next: 40%
Gold:   42         EV: 12    Int: 16    God:
                   SH:  0    Dex: 13

rFire   + + .      SeeInvis .   c - +1 flail (holy)
rCold   x . .      Faith    .   (no shield)
rNeg    . . .      Spirit   .   a - +0 robe
rPois   ∞          Reflect  .   (no helmet)
rElec   .          Harm     .   g - +2 cloak
rCorr   .          Rampage  .   (no gloves)
Will    .....                   (boots unavailable)
Stlth   ++........              (no amulet)
HPRegen 0.09/turn               (no ring)
MPRegen 0.00/turn               (no ring)

@: about to teleport, flying
A: sickness immunity, fire resistance 2, cold vulnerability 1, float, innate
caster, HP casting, extra vitality 1
a: no special abilities


You were on level 2 of the Dungeon.
You visited 1 branch of the dungeon, and saw 2 of its levels.

You collected 42 gold pieces.

Inventory:

Hand Weapons
 c - a +1 flail of holy wrath (weapon)
Missiles
 e - 2 datura-tipped darts (quivered)
Armour
 a - a +0 robe (worn)
 g - a +2 cloak (worn)
Scrolls
 f - a scroll of identify {unknown}
 h - a scroll of enchant weapon {unknown}
 i - a scroll of brand weapon {unknown}
Potions
 d - a potion of haste {unknown}
 j - a potion of mutation {unknown}
 k - a potion of experience {unknown}
 l - a potion of degeneration {unknown}
 m - a potion of magic {unknown}


   Skills:
 + Level 1.4 Fighting
 - Level 2.4 Dodging
 - Level 1.8 Stealth
 + Level 2.9 Spellcasting


You couldn't memorise any spells.
You knew the following spells:

 Your Spells              Type           Power      Damage    Failure   Level
a - Foxfire               Conj/Fire      44%        2x1d6     6%          1
b - Scorch                Fire           22%        2d6       9%          2
c - Kindle Blastsparks    Fire/Tloc/Air  22%        2d11      17%         3
d - Inner Flame           Hex/Fire       11%        N/A       17%         3
e - Flame Wave            Conj/Fire      11%        2d6       50%         4
f - Freeze                Ice            44%        1d6       6%          1
Your spell library was empty.

Dungeon Overview and Level Annotations

Branches:
Dungeon (2/15)

Altars:

Annotations:
D:2 Sigmund


Innate Abilities, Weirdness & Mutations

You are immune to sickness and miasma.
You are immune to poison.
Your flesh is very heat resistant. (rF++)
You are vulnerable to cold. (rC-)
You float through the air rather than walking.
You learn spells naturally, not from books.
Your magical power is your life essence.
You have superior vitality. (+4 MHP)


Message History

Found a stone staircase leading up.
There is a stone staircase leading up here.
You see here an amulet of guardian spirit.
A bat comes into view.
The bat moves out of view.
A bat is nearby!
A bat is nearby!
A bat is nearby!
You conjure some foxfire!
The foxfire hits the bat.
The bat is moderately wounded.
The foxfire hits the bat.
You kill the bat!
Found a morningstar.
A kobold comes into view. It is wielding a +0 dagger.
The kobold shouts!
A kobold is nearby!
You conjure some foxfire!
The foxfire hits the kobold.
You kill the kobold!
Sigmund the Dreaded comes into view.
He is wielding a +0 scythe.
Sigmund is nearby!
Sigmund is nearby!
Throw: 4 darts (datura)
Press: ? - help, Q - select action, (/) - cycle Shift-Dir - straight line, f - Sigmund
Aim: Sigmund, wielding a +0 scythe and wearing a +0 robe (asleep, 98% to hit, chance to frenzy on hit: 80%)
You throw a datura-tipped dart. The datura-tipped dart hits Sigmund.
Sigmund flies into a frenzy!
Sigmund hits you from afar with a +0 scythe.
You hear an angry hiss.
You throw a datura-tipped dart.
The datura-tipped dart barely misses Sigmund.
Sigmund hits you from afar with a +0 scythe!
Ouch! That really hurt!
You are too injured to fight recklessly!
As you read the scroll labelled WOFEIC ZURE, it crumbles to dust.
You feel strangely unstable.
It was a scroll of teleportation.
Sigmund hits you from afar with a +0 scythe!
Ouch! That really hurt!
You die...

...# ##### #### #...#
#.# # #.#.# #.# #
#.#.####.###
#######.#.##.....#
..........##.#.#.######.
#########..........)....
#####.##.#.#.####
#...........@.@(#
#####.###.####.####.#
...... #.# #.# .# ######
#.# #.# (# #.. ).. ..
### ### .. ###


You could see the neutral Sigmund (fast, strong, insane).

Vanquished Creatures
  A dart slug (D:1)
  6 bats
  2 endoplasms (D:2)
  2 goblins (D:1)
  4 hobgoblins
  3 kobolds
  4 ball pythons (D:1)
  5 rats
27 creatures vanquished.

Vanquished Creatures (others)
  87 foxfires
87 creatures vanquished.

Grand Total: 114 creatures vanquished

Notes
Turn   | Place    | Note
-------+----------+-------------------------------------------
     0 | D:1      | MisterAzrael the Djinni Fire Elementalist began the quest
                  | for the Orb.
     0 | D:1      | MisterAzrael set off with the following spells memorised:
                  | Foxfire, Scorch, Kindle Blastsparks, Inner Flame, Flame
                  | Wave.
     0 | D:1      | Reached XP level 1. HP: 15/15 MP: 0/0
   464 | D:1      | Reached XP level 2. HP: 19/21 MP: 0/0
  1133 | D:1      | Reached skill level 1 in Fighting
  1355 | D:1      | Reached XP level 3. HP: 25/27 MP: 0/0
  1355 | D:1      | Learned a level 1 spell: Freeze
  2168 | D:2      | Noticed Sigmund
  2173 | D:2      | Mangled by Sigmund

Illustrated notes

Levels and vault maps discovered:
D:1:      ebering_hopf_link, layout_loops_ring
D:2:      layout_loops_ring, uniq_sigmund

Skill      XL: |  1  2 |
---------------+-------+-----
Fighting       | 1 |  1.4
Dodging        | |  2.4
Stealth        | |  1.8
Spellcasting   | |  2.9

Action                   || total
-------------------------++-------
Melee: Flail             ||     4
Throw: Dart              ||     2
 Cast: Foxfire           ||    59
  Use: Scroll            ||     1
Armor: Robe              ||     4
Dodge: Dodged            ||    20
